 Dungeon Crawl Stone Soup version 0.16-a0-623-g20b2139 (webtiles) character file.

58 PolkaDot the Caller (level 3, -2/36 HPs)
             Began as a Vampire Summoner on Sept 18, 2014.
             Slain by an orc priest
             ... wielding a +0 war axe
              (4 damage)
             ... on Level 3 of the Dungeon.
             The game lasted 00:06:06 (2002 turns).

PolkaDot the Caller (Vampire Summoner)              Turns: 2002, Time: 00:06:06

HP  -2/36        AC 21     Str  7      XL: 3   Next: 75%
MP   2/6         EV  2     Int 18      God:
Gold 116         SH  0     Dex 14      Spells:  1 memorised,  5 levels left

rFire  . . .     SeeInvis +     a - +1 short sword (drain)
rCold  . . .     Clarity  .     f - melded +0 robe
rNeg   + + +     rCorr    .     (no shield)
rPois  +         rRot     .     (no helmet)
rElec  .         Spirit   .     (cloak currently unavailable)
SustAb .         Warding  .     (gloves currently unavailable)
rMut   .         NoTele   +     (boots currently unavailable)
Gourm  .                        (no amulet)
MR     .....                    (no ring)
                                (no ring)

@: tree-form, very slightly contaminated, regenerating quickly, hasted, very
quick, not resistant to hostile enchantments, fairly stealthy
A: (fangs 0), see invisible, (unbreathing)
a: no special abilities


You were on level 3 of the Dungeon.
You were very full.
You were an animated tree.
You visited 1 branch of the dungeon, and saw 3 of its levels.

You collected 116 gold pieces.

Inventory:

Hand weapons
 a - a +1 short sword of draining (weapon)
 b - a +1 hunting sling of velocity
Missiles
 c - 70 stones (quivered)
Armour
 f - a +0 robe (melded)
Scrolls
 h - 5 scrolls of teleportation
 j - a scroll of remove curse {unknown}
Potions
 d - a potion of restore abilities
 g - 2 potions of confusion {!q}
Books
 e - a book of Callings

   Spells                             Type                      Level
   *Summon Small Mammal               Summoning                    1
   Call Imp                           Summoning                    2
   Call Canine Familiar               Summoning                    3
   Summon Guardian Golem              Hexes/Summoning              4
   Summon Lightning Spire             Summoning/Air                4
   Summon Ice Beast                   Ice/Summoning                4


   Skills:
 - Level 2.1 Dodging
 - Level 3.0 Stealth
 - Level 2.0 Spellcasting
 * Level 5.4 Summonings


You had 5 spell levels left.
You knew the following spells:

 Your Spells              Type           Power        Failure   Level  Hunger
a - Summon Small Mammal   Summ           ###.         1%          1    #......


Dungeon Overview and Level Annotations

Branches:
Dungeon (3/15)

Altars:


Innate Abilities, Weirdness & Mutations

Your natural rate of healing is unusually fast.
((You have razor-sharp teeth.))
You have supernaturally acute eyesight.
((You can survive without breathing.))


Message History

You drain the orc priest!
The orc priest is heavily wounded.
You barely miss the orc wizard.
The orc wizard is almost dead.
The orc wizard hits you but does no damage.
The orc priest hits you but does no damage.
You closely miss the orc wizard.
The orc wizard is almost dead.
The orc wizard hits you but does no damage.
You barely miss the orc wizard.
The orc wizard is almost dead.
The orc wizard hits you but does no damage.
The orc priest hits you but does no damage.
You closely miss the orc wizard.
The orc wizard is almost dead.
The orc wizard hits you but does no damage.
You barely miss the orc wizard.
The orc wizard is almost dead.
The orc priest hits you with a war axe.
You die...

....###..,,,,,,,,*,**,*
..........,,,,.,,*,**,*
.<..#**,,,*#....,*,**,*
.#..#**,,,#......,,,*,*
.,.....,,.......,,,,*,*
#*#.###...#.....***,*,#
,,,..,*.........,,,,..*
***.#.*........####(#####**
*,#...........♣........,*
*,*,#........oo.#.###.#**
*,,,#.......(#.##,* *,*
**,,#.......).....# *,*
****,,*.....##%.#.###**,*
,,,,,,>....,,(......,,,,*
,,***,*...,,,#.#..###**,*
*,***,*,.,,,,.....# *,*
,,,,,,,,,,**,#<#..#********


You could see an orc priest and an orc wizard (invisible).

Vanquished Creatures
  2 adders (D:2)
  A worm (D:2)
  A giant gecko (D:2)
  3 bats
  2 giant cockroaches
  7 goblins
  5 hobgoblins
  2 kobolds
  A giant newt (D:1)
  4 rats
28 creatures vanquished.

Vanquished Creatures (collateral kills)
  2 orcs (D:3)
  A hobgoblin (D:1)
3 creatures vanquished.

Vanquished Creatures (others)
  A bat (D:3)
  4 quokkas (D:3)
  A rat (D:3)
6 creatures vanquished.

Grand Total: 37 creatures vanquished

Notes
Turn   | Place    | Note
--------------------------------------------------------------
     0 | D:1      | PolkaDot, the Vampire Summoner, began the quest for the Orb.
     0 | D:1      | Reached XP level 1. HP: 13/13 MP: 3/3
   901 | D:1      | Reached XP level 2. HP: 19/19 MP: 4/4
  1355 | D:2      | Reached skill level 5 in Summonings
  1355 | D:2      | Reached XP level 3. HP: 24/24 MP: 6/6
  1995 | D:3      | HP: 1/36 [orc priest/divine providence (14)]
  2002 | D:3      | Slain by an orc priest

Action                   || total
-------------------------++-------
Melee: Club              ||    29
       Short sword       ||     9
 Fire: Hunting sling     ||    53
 Cast: Summon Small Mamm ||     9
  Use: Potion            ||     5
       Scroll            ||     4
 Stab: Sleeping          ||     1
  Eat: Corpse            ||    11
